 Dungeon Crawl Stone Soup version 0.22-a0-542-gce4f928 (webtiles) character file.

4 kae the Insei (level 1, -3/15 HPs)
             Began as a Demonspawn Transmuter on June 24, 2018.
             Slain by a kobold
             ... wielding a +1 whip of electrocution
              (14 damage)
             ... on level 1 of the Dungeon.
             The game lasted 00:00:20 (146 turns).

kae the Insei (Demonspawn Transmuter)                Turns: 146, Time: 00:00:20

Health: -3/15      AC:  5    Str: 10    XL:     1   Next: 58%
Magic:  3/3        EV: 10    Int: 14    God:
Gold:   6          SH:  0    Dex: 13    Spells: 3/4 levels left

rFire    . . .     SeeInvis .   f - -2 club (curse)
rCold    . . .     Gourm    .   (no shield)
rNeg     . . .     Faith    .   e - +0 ring mail
rPois    .         Spirit   .   (no helmet)
rElec    .         Reflect  .   (no cloak)
rCorr    .         Harm     .   (no gloves)
MR       .....                  (no boots)
Stlth    +.........             (no amulet)
HPRegen  0.05/turn              (no ring)
MPRegen  0.08/turn              (no ring)

@: no status effects
A: no striking features
a: no special abilities


You were on level 1 of the Dungeon.
You were not hungry.

You visited 1 branch of the dungeon, and saw 1 of its levels.

You collected 6 gold pieces.

Inventory:

Hand Weapons
 f - a cursed -2 club (weapon)
Missiles
 a - 12 arrows
Armour
 b - a +0 robe
 e - a +0 ring mail (worn)
Scrolls
 c - a scroll of amnesia {unknown}
 g - 3 scrolls of teleportation {unknown}
Comestibles
 d - a ration


   Skills:
 + Level 1.1 Fighting
 - Level 1.7 Dodging
 * Level 2.8 Unarmed Combat
 + Level 2.0 Spellcasting
 * Level 1.9 Transmutations


You had 3 spell levels left.
You knew the following spells:

 Your Spells              Type           Power        Failure   Level  Hunger
a - Beastly Appendage     Tmut           #.....       28%         1    ##.....

Your spell library contained the following spells:

 Spells                   Type           Power        Failure   Level  Hunger
 Spider Form              Tmut/Pois      #.........   77%         3    ####...
 Blade Hands              Tmut           #.........   100%        5    ######.
 Ice Form                 Ice/Tmut       #.......     99%         4    #####..
 Sticks to Snakes         Tmut           #.......     38%         2    ###....


Dungeon Overview and Level Annotations

Branches:
Dungeon (1/15)

Altars:


Message History

A kobold comes into view. It is wielding a whip of electrocution.
The kobold throws a stone.
The stone closely misses you.
You see here a stone.
The kobold throws a stone.
The stone hits you but does no damage.
You see here a stone.
The kobold throws a stone.
The stone hits you but does no damage.
You see here 2 stones.
The kobold throws a stone.
The stone barely misses you.
You see here a stone.
You start resting.
The kobold is too close now for your liking.
You closely miss the kobold. The kobold misses you.
You hit the kobold.
The kobold is severely wounded.
The kobold misses you.
You barely miss the kobold.
The kobold is severely wounded.
The kobold hits you but does no damage. x2; You are electrocuted!
Ouch! That really hurt!
You die...

.......<............##...##
...................###....#
#######+############......#
.....).............[......#
#........(...#.#.....##...#
..................##.######
#.........#......##.####
##......#.........##....####
...........@................
##.......###K.....##........
.....######(....####........
..........(.....# #........
............................
...#.K..!....#.#####........
# ..........##.# .........
##.......###.# .........
#.......# #.#


You could see a kobold.

Vanquished Creatures
  A goblin (D:1)
  A hobgoblin (D:1)
  A kobold (D:1)
  A rat (D:1)
4 creatures vanquished.

Notes
Turn   | Place    | Note
-------+----------+-------------------------------------------
     0 | D:1      | kae the Demonspawn Transmuter began the quest for the Orb.
     0 | D:1      | Reached XP level 1. HP: 15/15 MP: 3/3
   146 | D:1      | Slain by a kobold

Vault maps used:
D:1:      giann_horns, st_stairs_5

Action                   || total
-------------------------++-------
Melee: Unarmed           ||    21
       Club              ||     8
       Headbutt          ||     1
 Cast: Beastly Appendage ||     1
Armor: Ring mail         ||    13
Dodge: Dodged            ||    15

Table legend:
 A = Spawn XP
 B = Non-spawn XP
 C = Spawn XP percentage of total XP
 D = Spawn monster count
 E = Non-spawn monster count
 F = Spawn count percentage of total count
 G = Total turns spent on level
                    A         B        C        D         E        F      G
               +---------+---------+-------+---------+---------+-------+---------
         Total |       0 |       7 |   0.0 |       0 |       4 |   0.0 |   146
               +---------+---------+-------+---------+---------+-------+---------
           D:1 |       0 |       7 |   0.0 |       0 |       4 |   0.0 |   146
               +---------+---------+-------+---------+---------+-------+---------
